 Dungeon Crawl Stone Soup version 0.17-a0-1481-gfdcec5c (webtiles) character file.

203 urechis the Archer (level 5, 0/41 HPs)
             Began as a Centaur Hunter on July 4, 2015.
             Slain by Grinder (6 damage)
             ... while paralysed by Grinder
             ... on level 4 of the Dungeon.
             The game lasted 00:07:51 (3052 turns).

urechis the Archer (Centaur Hunter)                 Turns: 3052, Time: 00:07:52

Health: 0/41       AC: 10    Str: 15    XL:     5   Next: 51%
Magic:  5/5        EV:  1    Int: 16    God:
Gold:   120        SH:  0    Dex: 10    Spells: 0 memorised, 4 levels left

rFire  . . .     SeeInvis .     b - +0 spear
rCold  . . .     Clarity  .     d - +0 leather armour
rNeg   . . .     SustAt   .     (no shield)
rPois  .         Gourm    .     r - +0 helmet
rElec  .         Spirit   .     (no cloak)
rCorr  .         Warding  .     s - +0 pair of gloves
rMut   .         Stasis   .     p - +0 centaur barding
MR     .....                    (no amulet)
Stlth  +.........               (no ring)
                                g - +6 ring of intelligence

@: paralysed, very quick, not resistant to hostile enchantments, very unstealthy
A: hooves 3, deformed body, speed 2, tough skin 3
a: no special abilities


You were on level 4 of the Dungeon.
You were near starving.

You visited 1 branch of the dungeon, and saw 4 of its levels.

You collected 120 gold pieces.

Inventory:

Hand weapons
 a - a +1 shortbow
 b - a +0 spear (weapon)
Missiles
 x - 8 poisoned arrows
Armour
 d - a +0 leather armour (worn)
 p - a +0 centaur barding (worn)
 r - a +0 helmet (worn)
 s - a +0 pair of gloves (worn)
Jewellery
 g - a +6 ring of intelligence (left hand)
Magical devices
 y - a wand of cold (3)
 C - a wand of draining (4)
Scrolls
 f - a scroll of blinking {unknown}
 i - 2 scrolls of immolation {unknown}
 j - a scroll of remove curse {unknown}
 m - 2 scrolls of teleportation {unknown}
 o - a scroll of random uselessness {unknown}
 q - a scroll of magic mapping {unknown}
 v - a scroll of amnesia {unknown}
 B - a scroll of identify {unknown}
Potions
 h - a potion of curing {unknown}
 k - 2 potions of cancellation {unknown}
 l - a potion of agility {unknown}
 n - a potion of lignification {unknown}
 t - a potion of degeneration {unknown}
 u - a potion of magic {unknown}
 w - a potion of poison {unknown}
 z - a potion of might
 D - a potion of flight {unknown}
Comestibles
 e - 5 bread rations
 A - 3 fruits


   Skills:
 - Level 2.0 Fighting
 + Level 9.0 Bows
 - Level 1.3 Dodging
 - Level 0.5 Stealth


You had 4 spell levels left.
You didn't know any spells.

Dungeon Overview and Level Annotations

Branches:
Dungeon (4/15)
 Temple: D:4-7

Altars:

Annotations:
D:4 Grinder


Innate Abilities, Weirdness & Mutations

You have hooves in place of feet.
Armour fits poorly on your strangely shaped body.
You cover ground very quickly.
You have extremely tough skin (AC +3).


Message History

You hit the big kobold but do no damage.
The big kobold is almost dead.
You kill the big kobold!
Your Bows skill increases to level 9!
You have reached level 5!
The kobold hits you with a dagger.
* * * LOW HITPOINT WARNING * * *
You hit the kobold.
You kill the kobold!
Grinder drinks a potion.
Grinder seems to grow stronger.
You see here a dagger.
You see here an arrow.
Items here: (( ) † a dagger; 3 stones; 2 arrows; a kobold corpse Grinder gestures at you.
You suddenly lose the ability to move!
Grinder hits you.
* * * LOW HITPOINT WARNING * * *
You writhe in agony.
You die...

#..##'###.(.....)..
#..##...+.......)..
#..##...#..........
#..##...#.....#+###
#..##...#.....#
###'##...#.....#
###....#...+(....#
#.(....#'###.....+
#.#..@5..)(......#
#.##############.#
#K# ### #(# #K# #(#
#((.5÷K§K ###P..K..
##....


You could see Grinder.

Vanquished Creatures
  A big kobold (D:4)
  6 adders
  3 worms
  A giant gecko (D:2)
  5 orcs (D:3)
  5 giant cockroaches
  5 hobgoblins
  4 jackals
  3 quokkas (D:2)
  4 bats
  6 giant newts
  5 goblins
  9 kobolds
  9 rats
66 creatures vanquished.

Notes
Turn   | Place    | Note
--------------------------------------------------------------
     0 | D:1      | urechis the Centaur Hunter began the quest for the Orb.
     0 | D:1      | Reached XP level 1. HP: 17/17 MP: 1/1
   288 | D:1      | Reached XP level 2. HP: 22/24 MP: 2/2
   303 | D:1      | Reached skill level 6 in Bows
   916 | D:2      | Reached XP level 3. HP: 16/29 MP: 3/3
  1054 | D:2      | Reached skill level 7 in Bows
  1595 | D:3      | Reached XP level 4. HP: 34/36 MP: 4/4
  2133 | D:3      | Found a glowing drain.
  2173 | D:3      | Reached skill level 8 in Bows
  2976 | D:4      | Noticed Grinder
  2985 | D:4      | Noticed a big kobold
  3031 | D:4      | Killed a big kobold
  3031 | D:4      | Reached skill level 9 in Bows
  3031 | D:4      | Reached XP level 5. HP: 7/41 MP: 5/5
  3047 | D:4      | Paralysed by Grinder for 5 turns
  3052 | D:4      | Slain by Grinder

Vault maps used:
D:1:      lightli_arrival_maybe_door_vault
D:2:      serial_glass, glass_columns_b, glass_columns_c, first_bread
D:3:      gup_sewer_entry_glass
D:4:      grunt_temple_overflow_open, lexackson_kobold_supper, uniq_natasha,
          uniq_blork_the_orc, uniq_grinder

Action                   |  1- 3 |  4- 6 || total
-------------------------+-------+-------++-------
Melee: Short sword       |    40 |       ||    40
       Spear             |   101 |   131 ||   232
 Fire: Shortbow          |    39 |    17 ||    56
  Eat: Chunk             |     1 |     2 ||     3
       Fruit             |       |     1 ||     1
